 Dungeon Crawl Stone Soup version 0.25.1-2-g60ff931df9 (webtiles) character file.

Game seed: 2435389595965343136

14947 hawla the Nimble (level 11, 0/100 HPs)
             Began as a Minotaur Gladiator on Nov 5, 2020.
             Was an Initiate of Gozag.
             Slain by Azrael
             ... wielding a +4 scimitar of flaming
              (3 damage)
             ... on level 12 of the Dungeon on Nov 6, 2020.
             The game lasted 00:38:24 (17333 turns).

hawla the Nimble (Minotaur Gladiator)              Turns: 17333, Time: 00:38:26

Health: 0/100      AC: 10    Str: 21    XL:     11   Next: 95%
Magic:  10/10      EV: 20    Int:  5    God:    Gozag
Gold:   2084       SH:  0    Dex: 15    Spells: 10/10 levels left

rFire    + + .     SeeInvis .   x - +0 great sword (elec)
rCold    + . .     Gourm    .   (shield currently unavailable)
rNeg     . . .     Faith    .   E - +3 steam dragon scales
rPois    .         Spirit   .   c - +0 hat
rElec    .         Reflect  .   o - scarf {rC+ rF+}
rCorr    .         Harm     .   (no gloves)
MR       +....                  g - +0 pair of boots
Stlth    ++++......             (no amulet)
HPRegen  0.26/turn              G - ring of stealth
MPRegen  0.12/turn              s - ring of protection from fire

@: gold aura, studying Fighting
A: retaliatory headbutt, hooves 1, horns 2, thin skeletal structure 1, magic
resistance 1
a: Potion Petition, Call Merchant, Bribe Branch, Renounce Religion


You were on level 12 of the Dungeon.
You worshipped Gozag.
Gozag was most pleased with you.
You were full.

You visited 2 branches of the dungeon, and saw 14 of its levels.

You collected 2207 gold pieces.
You paid 123 gold pieces to Gozag.

Inventory:

Hand Weapons
 n - a +1 short sword of holy wrath
 q - a +2 dagger of venom
 x - a +0 great sword of electrocution (weapon)
Missiles
 a - 52 poisoned darts
 d - 2 throwing nets
 w - 10 javelins
 C - 5 boomerangs (quivered)
Armour
 c - a +0 hat (worn)
 g - a +0 pair of boots (worn)
 o - a scarf of resistance (worn)
 E - +3 steam dragon scales (worn)
 I - a scarf of repulsion
Jewellery
 b - an uncursed ring of flight
 s - a ring of protection from fire (right hand)
 G - a ring of stealth (left hand)
Wands
 p - a wand of flame (17)
 r - a wand of random effects (11)
 D - a wand of digging (4)
 F - a wand of paralysis (17)
 M - a wand of enslavement (4)
 N - a wand of iceblast (6)
Scrolls
 u - 2 scrolls of magic mapping
 y - 8 scrolls of teleportation
 J - 2 scrolls of fog
 K - 3 scrolls of remove curse
Potions
 i - 3 potions of haste
 j - 9 potions of curing
 k - 3 potions of flight
 l - 2 potions of stabbing
 m - 2 potions of might
 t - 2 potions of magic
 z - 2 potions of ambrosia
 A - 2 potions of lignification
 O - a potion of invisibility
Books
 B - a manual of Fighting
Miscellaneous
 e - a box of beasts
Comestibles
 f - 9 rations


   Skills:
 + Level 10.2 Fighting
 + Level 9.2(11.2) Short Blades
 + Level 11.4(12.8) Long Blades
 + Level 3.9 Throwing
 + Level 5.5 Armour
 * Level 11.9 Dodging
 + Level 4.8 Stealth
 + Level 0.2 Evocations


You had 10 spell levels left.
You didn't know any spells.
Your spell library was empty.

Dungeon Overview and Level Annotations

Branches:
Dungeon (13/15)            Temple (1/1) D:6            Lair (0/6) D:11
    Orc (0/2) D:12
 Vaults: D:13-14

Altars:
Ashenzari
Cheibriados
Elyvilon
Fedhas
Gozag
Hepliaklqana
Kikubaaqudgha
Makhleb
Nemelex Xobeh
Okawaru
Qazlal
Ru
Sif Muna
Trog
Uskayaw
Vehumet
Wu Jian
Xom
Yredelemnul
Zin
The Shining One

Annotations:
D:10 exclusion: oklob plant
D:11 exclusion: 2 oklob plants
D:12 Azrael


Innate Abilities, Weirdness & Mutations

You reflexively headbutt those who attack you in melee.
You have a pair of horns on your head.
You have large cloven feet.
You have a somewhat thin skeletal structure. (Dex +2, Stealth)
You are resistant to hostile enchantments. (MR+)


Message History

The fireball explodes!
The fireball engulfs you! You resist.
The fireball engulfs Azrael.
Azrael completely resists.
You hit Azrael but do no damage. Lightning courses through Azrael!
Azrael is almost dead.
Azrael gestures at you.
The sphere of damnation explodes!
The damnation engulfs you!!
* * * LOW HITPOINT WARNING * * *
The damnation engulfs Azrael.
Azrael completely resists.
You feel better. Azrael gestures at you.
The fireball explodes!
The fireball engulfs you. You resist.
* * * LOW HITPOINT WARNING * * *
The fireball engulfs Azrael.
Azrael completely resists.
You hit Azrael but do no damage.
Azrael is almost dead.
Azrael hits you with a +4 scimitar of flaming!
* * * LOW HITPOINT WARNING * * *
Azrael burns you.
You die...
Your body crumbles into a pile of gold.

#.# #.# #........... #.#
#.################........... #.#
#..............<<#......[..#. #.#
########.#####.#......>....#.
#.##########.# #............)..#.
#............###.#.###.........#.
##..<.............$..#.........#.
#.########..###.$.............).
#.# #........@....#.........##
#.# #.##..###R#.#.#.).......# #.#
###.##...#....#.###...##### #.#
#..........#..#.#....## ####
#.###........#.☼.##.#.#..# #...
#.##..HR........###.#.#..# #.##
#.##.°☼h.<..###☼.........# #.#
#.##>.y....)....###.#.##.# #.#
#.......#######.###......# #.#


You could see Azrael.

Vanquished Creatures
  Nessos (D:12)
  3 two-headed ogres
  A deep elf mage (D:8)
  An ugly thing (D:8)
  Maurice (D:9)
  Maggie (D:7)
  A gargoyle (D:13)
  A kobold demonologist (D:12)
  A troll (D:9)
  A polar bear (D:9)
  2 hornets (D:8)
  3 hippogriffs
  2 wyverns
  4 yaks (D:11)
  4 vampire mosquitoes (D:13)
  A soldier ant (D:8)
  2 hell hounds
  3 orc warriors
  4 phantoms
  A sky beast (D:10)
  4 ice beasts
  8 ogres
  5 centaurs
  5 big kobolds
  2 crocodiles
  4 bullfrogs
  A gnoll sergeant (D:5)
  4 scorpions
  11 killer bees
  3 wights (D:11)
  7 howler monkeys
  11 crimson imps
  3 centaur zombies
  4 hounds
  2 centaur skeletons
  8 orc priests
  4 jellies
  9 orc wizards
  Ijyb (D:2)
  4 bullfrog skeletons
  4 iguanas
  11 worker ants
  Terence (D:2)
  A hound skeleton (D:5)
  3 hound zombies
  A howler monkey zombie (D:5)
  A worker ant zombie (D:11)
  21 gnolls
  Robin (D:2)
  18 adders
  4 shadow imps
  3 oozes
  An adder zombie (D:7)
  An adder skeleton (D:6)
  2 worms
  3 dart slugs
  4 leopard geckos
  39 orcs
  10 giant cockroaches
  55 goblins
  32 hobgoblins
  12 jackals
  31 kobolds
  10 quokkas
  11 ball pythons
  6 bats
  6 frilled lizards
  A goblin skeleton (D:7)
  A jackal skeleton (D:4)
  A kobold skeleton (D:7)
  4 kobold zombies (D:7)
  A leopard gecko zombie (D:5)
  4 orc skeletons (D:7)
  An orc zombie (D:7)
  A quokka skeleton (D:8)
  6 rats
450 creatures vanquished.

Vanquished Creatures (others)
  A manticore (D:13)
  A wyvern skeleton (D:13)
  6 plants (D:13)
8 creatures vanquished.

Grand Total: 458 creatures vanquished

Notes
Turn   | Place    | Note
-------+----------+-------------------------------------------
     0 | D:1      | hawla the Minotaur Gladiator began the quest for the Orb.
     0 | D:1      | Reached XP level 1. HP: 18/18 MP: 0/0
   279 | D:1      | Reached XP level 2. HP: 23/25 MP: 1/1
   962 | D:1      | Reached XP level 3. HP: 30/30 MP: 2/2
  1053 | D:2      | Noticed Terence
  1065 | D:2      | Killed Terence
  1065 | D:2      | Reached skill level 1 in Short Blades
  1086 | D:2      | Found a hide-covered altar of Uskayaw.
  1107 | D:2      | Found a stormy altar of Qazlal.
  1140 | D:2      | Noticed Robin
  1155 | D:2      | Reached XP level 4. HP: 32/38 MP: 3/3
  1164 | D:2      | Killed Robin
  1171 | D:2      | Found an ancient bone altar of Kikubaaqudgha.
  1535 | D:2      | Noticed Ijyb
  1556 | D:2      | Killed Ijyb
  1556 | D:2      | Reached skill level 1 in Armour
  1556 | D:2      | Reached XP level 5. HP: 18/45 MP: 4/4
  2446 | D:2      | Found a sacrificial altar of Ru.
  2653 | D:3      | Found a burning altar of Makhleb.
  3743 | D:3      | Found a shattered altar of Ashenzari.
  3805 | D:3      | Reached XP level 6. HP: 41/51 MP: 5/5
  4463 | D:4      | Reached skill level 5 in Dodging
  4839 | D:5      | Entered Level 5 of the Dungeon
  4953 | D:5      | Reached skill level 5 in Long Blades
  5020 | D:5      | Reached XP level 7. HP: 40/59 MP: 6/6
  5027 | D:5      | Reached skill level 1 in Stealth
  5128 | D:5      | Found a basalt altar of Yredelemnul.
  6365 | D:5      | Reached XP level 8. HP: 30/67 MP: 7/7
  6914 | D:5      | Reached skill level 5 in Short Blades
  7573 | D:6      | Reached skill level 5 in Fighting
  7802 | D:6      | Found a staircase to the Ecumenical Temple.
  7948 | Temple   | Entered the Ecumenical Temple
  8160 | Temple   | Became a worshipper of Gozag Ym Sagoz the Greedy
  8284 | D:6      | Found an opulent altar of Gozag.
  8838 | D:6      | Reached XP level 9. HP: 75/75 MP: 8/8
  9061 | D:7      | Found a glowing golden altar of the Shining One.
  9221 | D:7      | Found a shimmering altar of Xom.
  9256 | D:7      | Noticed Maggie
  9256 | D:7      | Paralysed by Maggie for 4 turns
  9271 | D:7      | Killed Maggie
  9271 | D:7      | Reached skill level 5 in Armour
  9486 | D:7      | Found a blossoming altar of Fedhas.
  9899 | D:7      | Found a bloodstained altar of Trog.
 10193 | D:8      | Found a hazy altar of Hepliaklqana.
 10354 | D:8      | Noticed a white ugly thing
 10796 | D:8      | Reached XP level 10. HP: 43/84 MP: 9/9
 11208 | D:8      | Noticed a deep elf mage
 11508 | D:8      | Killed a deep elf mage
 11668 | D:8      | Gained mutation: You have a somewhat thin skeletal
                  | structure. (Dex +2, Stealth) [potion of mutation]
 11668 | D:8      | Gained mutation: You have large cloven feet. [potion of
                  | mutation]
 11668 | D:8      | Gained mutation: You are resistant to hostile enchantments.
                  | (MR+) [potion of mutation]
 11700 | D:8      | Killed a cyan ugly thing
 12360 | D:9      | Reached skill level 10 in Dodging
 12415 | D:9      | Noticed Maurice
 12441 | D:9      | Killed Maurice
 13059 | D:10     | Entered Level 10 of the Dungeon
 13354 | D:10     | Found a hazy altar of Hepliaklqana.
 13354 | D:10     | Noticed an oklob plant
 13681 | D:10     | Reached XP level 11. HP: 48/95 MP: 10/10
 13935 | D:10     | Found a glowing silver altar of Zin.
 14374 | D:11     | Noticed a two-headed ogre
 14378 | D:11     | Killed a two-headed ogre
 14586 | D:11     | Noticed an oklob plant
 14615 | D:11     | Noticed an oklob plant
 14616 | D:11     | Found a staircase to the Lair.
 15446 | D:12     | Found a staircase to the Orcish Mines.
 15459 | D:12     | Noticed a two-headed ogre
 15466 | D:12     | Reached skill level 10 in Long Blades
 15477 | D:12     | Killed a two-headed ogre
 15730 | D:12     | Noticed a sun demon
 16198 | D:12     | Found a shimmering altar of Xom.
 16199 | D:12     | Found a shimmering altar of Xom.
 16199 | D:12     | Found a shimmering altar of Xom.
 16200 | D:12     | Found a shimmering altar of Xom.
 16200 | D:12     | Found a shimmering altar of Xom.
 16203 | D:12     | Found a shimmering altar of Xom.
 16203 | D:12     | Found a shimmering altar of Xom.
 16474 | D:12     | Noticed Nessos
 16490 | D:12     | Killed Nessos
 16625 | D:12     | Noticed a two-headed ogre
 16630 | D:12     | Killed a two-headed ogre
 16672 | D:12     | Reached skill level 10 in Fighting
 16994 | D:13     | Noticed Azrael
 17333 | D:12     | HP: 3/100 [Azrael/+4 scimitar of flaming (17)]
 17333 | D:12     | Slain by Azrael

Illustrated notes

Levels and vault maps discovered:
D:1:      saegor_arrival_under_anarchy, layout_loops_corners, st_stairs_6
D:2:      kennysheep_the_goblin_king, layout_basic, marbit_many_paths,
          kiku_gazebo_garden_becter, grunt_temple_overflow_open, first_ration,
          grunt_ministairs_7, hangedman_feature_mirror, uniq_robin, uniq_terence
D:3:      minmay_razor_zed, layout_loops_ring, ashenzari_conservatory_becter,
          old_standard_altar, chequers_big_river, minmay_snake_closets
D:4:      layout_loops_ring
D:5:      minmay_goblin_kobold_castle, layout_loops_corners,
          yredelemnul_altar_generic
D:6:      layout_loops_cross, minmay_temple_entry_slanted,
          grunt_gozag_breadcrumbs
D:7:      layout_rooms, nicolae_tso_besieged_by_evil, lemuel_round_altar,
          basic_altar, fedhas_altar_2, uniq_maggie
D:8:      minmay_chambers_of_sixes, layout_loops_ring, kennysheep_little_box,
          hangedman_pestilent_swarm
D:9:      layout_basic, hangedman_corner_corridor, uniq_maurice
D:10:     layout_basic, basic_altar, lemuel_oklob_altar
D:11:     layout_basic, dpeg_oklobed_lair
D:12:     layout_loops_ring, david_orc_3, nicolae_xom_altar_mimics, uniq_nessos
D:13:     layout_cave_pools, grunt_vaults_entry_fortified,
          nicolae_looking_at_the_future, uniq_azrael, uniq_snorg
Temple:   minmay_temple_bridge_abc

Skill      XL: |  1  2  3  4  5  6  7  8  9 10 11 |
---------------+----------------------------------+-----
Dodging        | 4 5 6 7 9 10 11 | 11.9
Fighting       | 3 4 5 6 8 10 | 10.2
Short Blades   | 1 2 3 4 6 8 9 |  9.2
Long Blades    | 4 5 6 9 11 | 11.4
Armour         | 1 2 3 4 5 |  5.5
Stealth        | 1 2 3 4 |  4.8
Throwing       | 3 |  3.9
Evocations     | |  0.2

Action                   |  1- 3 |  4- 6 |  7- 9 | 10-12 || total
-------------------------+-------+-------+-------+-------++-------
Melee: Short sword       |    59 |    11 |   120 |    59 ||   249
       Long sword        |     3 |       |       |       ||     3
       Headbutt          |     9 |    36 |   113 |   116 ||   274
       Dagger            |       |   145 |   366 |   107 ||   618
       Great sword       |       |    42 |    22 |   246 ||   310
       Unarmed           |       |     4 |       |       ||     4
Throw: Throwing net      |     1 |     1 |     1 |       ||     3
       Dart              |       |       |     8 |     8 ||    16
       Boomerang         |       |       |       |     8 ||     8
       Javelin           |       |       |       |     4 ||     4
Evoke: Wand              |       |       |     2 |     4 ||     6
  Use: Scroll            |       |     9 |     7 |    18 ||    34
       Potion            |       |       |     3 |     7 ||    10
 Stab: Sleeping          |       |     1 |     4 |    16 ||    21
       Held in net/web   |       |     2 |       |       ||     2
       Distracted        |       |       |     3 |     2 ||     5
       Invisible         |       |       |       |     1 ||     1
  Eat: Chunk             |     1 |    12 |    10 |       ||    23
       Ration            |       |       |     2 |     8 ||    10
Armor: Leather armour    |    18 |    30 |    40 |       ||    88
       Ring mail         |       |       |    18 |       ||    18
       Steam dragon scal |       |       |    10 |    78 ||    88
       Skin              |       |       |       |     2 ||     2
Dodge: Dodged            |    44 |   153 |   317 |   336 ||   850
       Repelled          |       |       |       |     6 ||     6
       Rpst.: Great sword |       |    16 |     4 |    71 ||    91
